 Dungeon Crawl Stone Soup version 0.24-a0-520-g8fd06ad0bc (webtiles) character file.

Game seed: 3936946403244671029

189 DasRunzen the Skirmisher (level 5, 0/47 HPs)
             Began as a Draconian Berserker on July 24, 2019.
             Was a Believer of Trog.
             Slain by a gnoll
             ... wielding a +0 short sword
              (6 damage)
             ... on level 3 of the Dungeon.
             The game lasted 00:04:34 (2206 turns).

DasRunzen the Skirmisher (Draconian Berserker)      Turns: 2206, Time: 00:04:35

Health: 0/47       AC:  5    Str: 21    XL:     5   Next: 40%
Magic:  5/5        EV: 13    Int:  7    God:    Trog [**....]
Gold:   157        SH:  0    Dex: 10    Spells: 4/4 levels left

rFire    . . .     SeeInvis .   a - +0 hand axe
rCold    . . .     Gourm    .   (no shield)
rNeg     . . .     Faith    .   (armour unavailable)
rPois    .         Spirit   .   k - +0 hat
rElec    .         Reflect  .   (no cloak)
rCorr    .         Harm     .   (no gloves)
MR       ++...                  (no boots)
Stlth    +.........             (no amulet)
HPRegen  1.15/turn              (no ring)
MPRegen  0.09/turn              (no ring)

@: regenerating
A: unfitting armour, cold-blooded, AC +5
a: Berserk, Trog's Hand, Renounce Religion


You were on level 3 of the Dungeon.
You worshipped Trog.
Trog was pleased with you.
You were near starving.

You visited 1 branch of the dungeon, and saw 3 of its levels.

You collected 157 gold pieces.

Inventory:

Hand Weapons
 a - a +0 hand axe (weapon)
Armour
 k - a +0 hat (worn)
Jewellery
 c - a +3 ring of dexterity {unknown}
 i - an uncursed ring of flight {unknown}
Potions
 d - 2 potions of agility {unknown}
 e - a potion of flight {unknown}
 f - a potion of invisibility {unknown}
 g - a potion of might {unknown}
 h - a potion of lignification {unknown}
 j - a potion of heal wounds {unknown}
Comestibles
 b - 4 rations


   Skills:
 + Level 4.7 Fighting
 + Level 4.3 Axes
 + Level 3.8 Dodging


You had 4 spell levels left.
You didn't know any spells.
Your spell library was empty.

Dungeon Overview and Level Annotations

Branches:
Dungeon (3/15)

Altars:
Makhleb
Nemelex Xobeh
Ru
Trog

Annotations:
D:3 1 runed translucent door, Crazy Yiuf


Innate Abilities, Weirdness & Mutations

Your plain brown scales are hard. (AC +5)
You cannot fit into any form of body armour.
You are cold-blooded and may be slowed by cold attacks.


Message History

The gnoll hits you with a +0 spear.
* * * LOW HITPOINT WARNING * * *
You hit the gnoll.
Your tail-slap misses the gnoll.
The gnoll is severely wounded.
The gnoll barely misses you.
You barely miss the gnoll.
The gnoll is severely wounded.
You are near starving!
The gnoll closely misses you. The gnoll hits you with a +0 spear.
* * * LOW HITPOINT WARNING * * *
You slash the gnoll!
You kill the gnoll!
Trog accepts your kill.
The gnoll hits you with a +0 short sword.
* * * LOW HITPOINT WARNING * * *
Your skin crawls.
You feel resistant to hostile enchantments.
You feel somewhat more hungry.
The gnoll hits you with a +0 short sword.
You die...

###............#
#..#########.#
###..#########(##
...)............#######
......................#
.##.##########..#####.#
. #.# #
#..#####.####### ##.#
....#..#...........#
.##.#
#....@.........#.#
....#
######g##..###.#.#
..... #g##..# #.#.#
.###. #.##..###.#.###
.# #...........[.# .#
#..######(#.#.# .
#..#....>.#.#.# .
#...........#.# # ##
#..#.########.#


You could see a gnoll and a hobgoblin.

Vanquished Creatures
  An orc priest (D:3)
  Natasha (D:3)
  3 gnolls (D:3)
  4 adders (D:3)
  An ooze (D:1)
  4 leopard geckos
  4 orcs (D:3)
  3 giant cockroaches
  5 goblins
  7 hobgoblins
  4 jackals (D:3)
  A quokka (D:2)
  6 bats
  6 frilled lizards
  6 kobolds
  5 rats
61 creatures vanquished.

Vanquished Creatures (others)
  5 plants (D:3)
5 creatures vanquished.

Grand Total: 66 creatures vanquished

Notes
Turn   | Place    | Note
-------+----------+-------------------------------------------
     0 | D:1      | DasRunzen the Draconian Berserker began the quest for the
                  | Orb.
     0 | D:1      | Reached XP level 1. HP: 19/19 MP: 1/1
   284 | D:1      | Reached XP level 2. HP: 26/26 MP: 2/2
   933 | D:2      | Found a sacrificial altar of Ru.
  1014 | D:2      | Reached XP level 3. HP: 30/33 MP: 3/3
  1386 | D:2      | Found a sparkling altar of Nemelex Xobeh.
  1442 | D:3      | Noticed Natasha
  1450 | D:3      | Killed Natasha
  1450 | D:3      | Reached ** piety under Trog
  1728 | D:3      | Reached XP level 4. HP: 40/40 MP: 4/4
  2058 | D:3      | Found a runed translucent door.
  2059 | D:3      | Noticed Crazy Yiuf
  2095 | D:3      | Reached XP level 5. HP: 39/47 MP: 5/5
  2120 | D:3      | Found a burning altar of Makhleb.
  2124 | D:3      | Found a bloodstained altar of Trog.
  2190 | D:3      | HP: 2/47 [gnoll/+0 short sword (3)]
  2206 | D:3      | Slain by a gnoll

Levels and vault maps discovered:
D:1:      minmay_arrival_jagged, layout_basic
D:2:      layout_loops_ring, marbit_many_paths, nicolae_ru_the_path_less_chosen
D:3:      layout_loops_ring, grunt_temple_overflow_open, serial_bayou_lagoon_a,
          uniq_grinder, uniq_crazy_yiuf_cottage, uniq_natasha

Skill      XL: |  1  2  3  4 |
---------------+-------------+-----
Dodging        | 3 |  3.8
Fighting       | 4 |  4.7
Axes           | 4 |  4.3

Action                   |  1- 3 |  4- 6 || total
-------------------------+-------+-------++-------
Melee: Hand axe          |   110 |    89 ||   199
       Tailslap          |    10 |    12 ||    22
Invok: Berserk           |       |     1 ||     1
       Trog's Hand       |       |     2 ||     2
  Use: Scroll            |     4 |       ||     4
 Stab: Sleeping          |     3 |       ||     3
  Eat: Chunk             |     2 |     2 ||     4
Armor: Skin              |    34 |    29 ||    63
Dodge: Dodged            |    87 |    87 ||   174

Table legend:
 A = Non-vault XP
 B = Vault XP
 C = Vault XP percentage of total XP
 D = Non-vault monster count
 E = Vault monster count
 F = Vault count percentage of total count
                 A         B        C        D         E       F
            +---------+---------+-------+---------+---------+-------
      Total |     233 |      38 |  14.0 |      59 |       2 |   3.3
            +---------+---------+-------+---------+---------+-------
        D:1 |      27 |       0 |   0.0 |      14 |       0 |   0.0
        D:2 |      27 |       2 |   6.9 |      17 |       1 |   5.6
        D:3 |     179 |      36 |  16.7 |      28 |       1 |   3.4
            +---------+---------+-------+---------+---------+-------
